 Dungeon Crawl Stone Soup version 0.28-a0-616-gdeb3d7f7b4 (webtiles) character file.

Game seed: 9926209042372064027

412 KristoblXynda the Slasher (level 6, -12/52 HPs)
             Began as a Draconian Gladiator on Oct 6, 2021.
             Shot with an arrow by a centaur (14 damage)
             ... on level 5 of the Dungeon.
             The game lasted 00:04:14 (5553 turns).

KristoblXynda the Slasher (Draconian Gladiator)     Turns: 5553, Time: 00:04:15

Health: -12/52     AC:  6    Str: 16    XL:     6   Next: 59%
Magic:  6/6        EV: 13    Int: 10    God:
Gold:   192        SH:  4    Dex: 13    Spells: 5/5 levels left

rFire   . . .      SeeInvis .   a - +0 long sword
rCold   . . .      Faith    .   p - +0 buckler
rNeg    . . .      Spirit   .   (armour unavailable)
rPois   .          Reflect  .   b - +0 hat
rElec   .          Harm     .   (no cloak)
rCorr   .          Rampage  .   (no gloves)
Will    .....                   (no boots)
Stlth   +.........              (no amulet)
HPRegen 0.17/turn               (no ring)
MPRegen 0.10/turn               (no ring)

@: no status effects
A: AC +6, unfitting armour, cold-blooded
a: no special abilities


You were on level 5 of the Dungeon.
You visited 1 branch of the dungeon, and saw 5 of its levels.

You collected 192 gold pieces.

Inventory:

Hand Weapons
 a - a +0 long sword (weapon)
Missiles
 c - a throwing net (quivered)
Armour
 b - a +0 hat (worn)
 p - a +0 buckler (worn)
Jewellery
 m - a ring of magical power
 w - a ring of wizardry
Wands
 q - a wand of paralysis (7)
 t - a wand of charming (12)
Scrolls
 d - 2 scrolls of fear
 e - a scroll of summoning {unknown}
 f - a scroll of enchant armour {unknown}
 k - a scroll of immolation
 n - a scroll of teleportation
 o - a scroll of torment {unknown}
 u - a scroll of enchant weapon {unknown}
 v - a scroll of magic mapping {unknown}
 y - a scroll of brand weapon {unknown}
Potions
 g - a potion of cancellation
 h - a potion of magic {unknown}
 i - a potion of heal wounds {unknown}
 j - a potion of attraction
 l - a potion of flight {unknown}
 r - a potion of haste {unknown}
 s - a potion of mutation {unknown}
 x - a potion of lignification {unknown}


   Skills:
 + Level 4.0 Fighting
 * Level 5.3 Long Blades
 - Level 2.0 Throwing
 + Level 3.9 Dodging
 + Level 2.1 Shields


You had 5 spell levels left.
You didn't know any spells.
Your spell library contained the following spells:

 Spells                   Type           Power      Damage    Failure   Level
 Magic Dart               Conj           0%         1d3       43%         1
 Searing Ray              Conj           0%         2d4       58%         2
 Animate Dead             Necr           0%         N/A       99%         4
 Fulminant Prism          Conj/Hex       0%         3d6       99%         4
 Haunt                    Necr/Summ      0%         N/A       100%        7
 Infestation              Necr           0%         N/A       100%        8


Dungeon Overview and Level Annotations

Branches:
Dungeon (5/15)             Temple (0/1) D:4

Altars:
Dithmenos
Kikubaaqudgha
Nemelex Xobeh
Qazlal
Ru
Xom

Shops:
D:2 :

Annotations:
D:3 1 runed translucent door, NoKap's ghost, amateur GnFi


Innate Abilities, Weirdness & Mutations

Your plain brown scales are hard. (AC +6)
You cannot fit into any form of body armour.
You are cold-blooded and may be slowed by cold attacks.


Message History

As you read the scroll labelled BOLENO ICSEHU, it crumbles to dust.
You feel strangely unstable.
It was a scroll of teleportation.
Unknown command.
As you read the scroll labelled AWNATE WUGUX, it crumbles to dust.
The air around you briefly surges with heat, but it dissipates.
It was a scroll of immolation.
Unknown command.
Okay, then.
You start waiting.
Your surroundings suddenly seem different.
There is an escape hatch in the floor here.
You slide downwards.
The hatch slams shut behind you.
You see here 15 stones.
Found a stone staircase leading down.
No target in view!
Found an escape hatch in the ceiling.
No target in view!
You now have 192 gold pieces (gained 8).
m - a ring of magical power A centaur comes into view.
A centaur is nearby!
The centaur wields a +0 shortbow.
The centaur shoots an arrow.
The arrow hits you.
An adder comes into view.
The adder hisses angrily.
The centaur shoots an arrow.
The arrow hits you!
The centaur shoots an arrow.
The arrow hits you!
Unknown command.
The centaur shoots an arrow.
The arrow hits you.
The centaur shoots an arrow.
The arrow hits you.
The centaur shoots an arrow.
The arrow hits you!
* * * LOW HITPOINT WARNING * * *
The centaur shoots an arrow.
The arrow hits you.
* * * LOW HITPOINT WARNING * * *
The centaur shoots an arrow.
The arrow hits you!
* * * LOW HITPOINT WARNING * * *
The centaur shoots an arrow.
The arrow closely misses you.
Unknown command.
The centaur shoots an arrow.
The arrow hits you!
You die...

.###..#
#.<..^##............## .
#..##....###...........##
#.##.....##......)....#
.....##........(.....####
####.....#####..........#
#......# #..........#
#.###..### #..........#
#. #....##############
##.#@......####...
#>##...........#
#.####....###### #<#
#....## #.# ####..## #.#
##c.######## #..
##9....9$.. ######c...
....


You could see a centaur.

Vanquished Creatures
  A centaur (D:4)
  A phantom (D:4)
  A hound (D:5)
  An orc priest (D:3)
  3 iguanas
  3 adders
  5 worms
  A dart slug (D:3)
  5 orcs
  6 bats
  6 endoplasms
  7 giant cockroaches
  8 goblins
  4 hobgoblins
  2 jackals (D:1)
  5 quokkas
  6 ball pythons
  2 frilled lizards
  8 kobolds
  5 rats
80 creatures vanquished.

Notes
Turn   | Place    | Note
-------+----------+-------------------------------------------
     0 | D:1      | KristoblXynda the Draconian Gladiator began the quest for
                  | the Orb.
     0 | D:1      | Reached XP level 1. HP: 17/17 MP: 1/1
   313 | D:1      | Reached XP level 2. HP: 25/25 MP: 2/2
  1630 | D:2      | Reached XP level 3. HP: 30/30 MP: 3/3
  1697 | D:2      | Found Lapur's Book Boutique.
  2696 | D:3      | Reached XP level 4. HP: 33/38 MP: 4/4
  2771 | D:3      | Reached skill level 4 in Long Blades
  3011 | D:3      | Found a shadowy altar of Dithmenos.
  3503 | D:3      | Found a runed translucent door.
  3508 | D:3      | Noticed NoKap's ghost (amateur GnFi)
  3559 | D:3      | Found a stormy altar of Qazlal.
  3560 | D:3      | Found a sacrificial altar of Ru.
  3561 | D:3      | Found an ancient bone altar of Kikubaaqudgha.
  3561 | D:3      | Found a shimmering altar of Xom.
  3659 | D:4      | Noticed a centaur
  3672 | D:4      | Killed a centaur
  3673 | D:4      | Reached skill level 1 in Shields
  3673 | D:4      | Reached XP level 5. HP: 12/45 MP: 5/5
  4016 | D:4      | HP: 1/45 [iguana (4)]
  4641 | D:4      | Reached XP level 6. HP: 49/52 MP: 6/6
  4654 | D:4      | Reached skill level 5 in Long Blades
  4751 | D:4      | Found a staircase to the Ecumenical Temple.
  4885 | D:4      | Found a sparkling altar of Nemelex Xobeh.
  5103 | D:5      | Entered Level 5 of the Dungeon
  5140 | D:5      | Noticed a gargoyle
  5551 | D:5      | HP: 1/52 [centaur/arrow (11)]
  5553 | D:5      | Shot with an arrow by a centaur

Illustrated notes

Levels and vault maps discovered:
D:1:      dpeg_arrival_rooms_b, layout_basic
D:2:      layout_loops_corners, serial_shops, shop
D:3:      ebering_ghost_reflecting_pool, layout_loops_ring,
          nicolae_dithmenos_the_darkroom, mainiacjoe_overflow_alcove_3
D:4:      layout_basic, lemuel_round_altar, minmay_temple_entry_from_below_a
D:5:      layout_rooms

Skill      XL: |  1  2  3  4  5  6 |
---------------+-------------------+-----
Throwing       | 2 |  2.0
Dodging        | 3 |  3.9
Fighting       | 3 4 |  4.0
Long Blades    | 4 5 |  5.3
Shields        | 1 2 |  2.1

Action                   |  1- 3 |  4- 6 || total
-------------------------+-------+-------++-------
Melee: Long sword        |    99 |   158 ||   257
       Tailslap          |    14 |    17 ||    31
Throw: Throwing net      |       |     2 ||     2
  Use: Scroll            |     2 |     4 ||     6
       Potion            |       |     1 ||     1
 Stab: Sleeping          |       |     2 ||     2
Armor: Skin              |    43 |    26 ||    69
Dodge: Dodged            |    65 |    90 ||   155
Block: Buckler           |       |    14 ||    14

Table legend: (Time is in decaauts)
 A = Elapsed time spent in this place.
 B = Non-inter-level travel time spent in this place.
 C = Inter-level travel time spent in this place.
 D = Time resting spent in this place.
 E = Time spent auto-exploring this place.
 F = Levels seen in this place.
 G = Mean time per level.
                   A        B        C        D        E       F      G
               +--------+--------+--------+--------+--------+-----+--------+
         Total |   5618 |   5463 |    155 |   1112 |   3644 |   5 | 1123.6 |
       Dungeon |   5618 |   5463 |    155 |   1112 |   3644 |   5 | 1123.6 |
               +--------+--------+--------+--------+--------+-----+--------+

Top non-repeatable levels by time:
     D:4: 1556 daAuts
     D:2: 1383 daAuts
     D:1: 1242 daAuts
     D:3: 1053 daAuts
     D:5: 383 daAuts
